 Dungeon Crawl Stone Soup version 0.30-a0-723-gc1506a1cf0 (webtiles) character file.

Game seed: 8257213657949335139

36 jimonade the Sneak (level 3, -1/28 HPs)
             Began as a Djinni Brigand on Jan 28, 2023.
             Slain by an orc
             ... wielding a +0 short sword
              (2 damage)
             ... on level 2 of the Dungeon.
             The game lasted 00:02:21 (1411 turns).

jimonade the Sneak (Djinni Brigand)                 Turns: 1411, Time: 00:02:21

Health: -1/28      AC:  3    Str: 10    XL:     3   Next: 57%
Gold:   65         EV: 12    Int: 12    God:
                   SH:  0    Dex: 16

rFire   + + .      SeeInvis .    a - +2 dagger
rCold   x . .      Faith    .    (no shield)
rNeg    . . .      Spirit   .    b - +0 robe
rPois   ∞          Reflect  .    (no helmet)
rElec   .          Harm     .    c - +0 cloak
rCorr   .          Rampage  .    (no gloves)
Will    .....                    (boots unavailable)
Stlth   +++                      (no amulet)
HPRegen 0.24/turn                (no ring)
MPRegen 0.00/turn                (no ring)

@: flying
A: sickness immunity, fire resistance 2, cold vulnerability 1, float, innate
caster, HP casting, extra vitality 1
a: no special abilities


You were on level 2 of the Dungeon.
You visited 1 branch of the dungeon, and saw 2 of its levels.

You collected 65 gold pieces.

Inventory:

Hand Weapons
 a - a +2 dagger (weapon)
Missiles
 d - 9 poisoned darts (quivered)
 e - 3 curare-tipped darts
Armour
 b - a +0 robe (worn)
 c - a +0 cloak (worn)
 q - a +0 ring mail
Jewellery
 h - a ring of fire
Scrolls
 f - 2 scrolls of teleportation {unknown}
 l - a scroll of torment {unknown}
 o - a scroll of identify {unknown}
 p - a scroll of immolation {unknown}
Potions
 g - 2 potions of cancellation {unknown}
 i - a potion of haste {unknown}
 j - a potion of attraction {unknown}
 k - a potion of brilliance {unknown}
 m - 2 potions of heal wounds {unknown}
 n - a potion of curing {unknown}


   Skills:
 - Level 2.0 Fighting
 + Level 2.5 Short Blades
 - Level 1.5 Throwing
 + Level 1.4 Dodging
 + Level 3.8 Stealth


You had one spell level left.
You knew the following spells:

 Your Spells              Type           Power      Damage    Failure   Level
a - Slow                  Hex            0%         N/A       32%         1
Your spell library was empty.

Dungeon Overview and Level Annotations

Branches:
Dungeon (2/15)

Altars:


Innate Abilities, Weirdness & Mutations

You are immune to sickness and miasma.
You are immune to poison.
Your flesh is very heat resistant. (rF++)
You are vulnerable to cold. (rC-)
You float through the air rather than walking.
You learn spells naturally, not from books.
Your magical power is your life essence.
You have superior vitality. (+4 MHP)


Message History

You hit the orc but do no damage.
The orc is moderately wounded.
You barely miss the orc.
The orc is moderately wounded.
Something hits you but does no damage. The orc barely misses you.
You barely miss the orc.
The orc is moderately wounded.
Something barely misses you. The orc hits you with a +0 short sword.
You hit the orc but do no damage.
The orc is moderately wounded.
Something hits you. The orc barely misses you.
You hit the orc but do no damage.
The orc is moderately wounded.
You hear some strange, mumbled words.
A magic dart appears from out of thin air!
The magic dart hits you. The orc hits you with a +0 short sword.
You hit the orc but do no damage.
The orc is moderately wounded.
Something hits you but does no damage. The orc barely misses you.
You hit the orc but do no damage.
The orc is moderately wounded.
Something hits you.
* * * LOW HITPOINT WARNING * * *
The orc hits you but does no damage.
You hit the orc but do no damage. Your punch misses the orc.
The orc is lightly wounded.
The orc closely misses you. Something hits you.
* * * LOW HITPOINT WARNING * * *
You hit the orc but do no damage.
The orc is lightly wounded.
You hit the orc but do no damage.
The orc is lightly wounded.
Something hits you but does no damage. The orc hits you with a +0 short sword.
* * * LOW HITPOINT WARNING * * *
You hit the orc.
The orc is moderately wounded.
Something hits you.
* * * LOW HITPOINT WARNING * * *
The orc hits you with a +0 short sword.
You die...

#♣#♣#♣.♣.###
............##
♣#♣.♣.♣.♣....####
#..............
#..........####
#..........####
#..............
#....o{.......#
#.....@.....###
#...........#
###########....
..## ##


You could see an orc.

Vanquished Creatures
  2 dart slugs (D:1)
  An orc (D:2)
  5 bats
  2 endoplasms (D:1)
  A giant cockroach (D:1)
  4 goblins (D:1)
  3 hobgoblins (D:1)
  2 kobolds
  2 quokkas (D:1)
  3 ball pythons (D:1)
  2 rats (D:1)
27 creatures vanquished.

Vanquished Creatures (others)
  3 plants (D:2)
3 creatures vanquished.

Grand Total: 30 creatures vanquished

Notes
Turn   | Place    | Note
-------+----------+-------------------------------------------
     0 | D:1      | jimonade the Djinni Brigand began the quest for the Orb.
     0 | D:1      | Reached XP level 1. HP: 18/18 MP: 0/0
   197 | D:1      | Reached XP level 2. HP: 14/23 MP: 0/0
   589 | D:1      | Reached XP level 3. HP: 22/28 MP: 0/0
   589 | D:1      | Learned a level 1 spell: Slow
  1411 | D:2      | HP: 1/28 [something (1)]
  1411 | D:2      | Slain by an orc

Illustrated notes

Levels and vault maps discovered:
D:1:      dpeg_arrival_subterranean_lakeside_camping, layout_basic, minivault_4,
          minmay_misc_feat_x
D:2:      layout_rooms, serial_forest, infiniplex_forest_lined_3,
          infiniplex_forest_clump_small, infiniplex_forest_join,
          infiniplex_forest_end_2, infiniplex_forest_lined_4_way,
          infiniplex_forest_lined_3, infiniplex_forest_lined_2,
          infiniplex_forest_end_3, infiniplex_forest_lined_corner,
          infiniplex_forest_clump_diagonal, uniq_robin

Skill      XL: |  1 |
---------------+----+-----
Short Blades   | 2 |  2.5
Fighting       | |  2.0
Throwing       | |  1.5
Dodging        | |  1.4
Stealth        | |  3.8

Action                     || total
---------------------------++-------
  Melee: Dagger            ||   133
   Stab: Sleeping          ||     7
 Armour: Robe              ||    21
  Dodge: Dodged            ||    70

Table legend: (Time is in decaauts)
 A = Elapsed time spent in this place.
 B = Non-inter-level travel time spent in this place.
 C = Inter-level travel time spent in this place.
 D = Time resting spent in this place.
 E = Time spent auto-exploring this place.
 F = Levels seen in this place.
 G = Mean time per level.
                   A        B        C        D        E       F      G
               +--------+--------+--------+--------+--------+-----+--------+
         Total |   1396 |   1323 |     73 |     48 |    995 |   2 |  698.0 |
       Dungeon |   1396 |   1323 |     73 |     48 |    995 |   2 |  698.0 |
               +--------+--------+--------+--------+--------+-----+--------+

Top non-repeatable levels by time:
     D:1: 1318 daAuts
     D:2: 78 daAuts
